Cogmind - Beta 17.1 @@@ ROGUE MODE // 2026.09.13 @ 23:49:32 Player: aihara Result: Destroyed by G-47 Trooper with Particle Gun Performance ------------- Evolutions (2) 1000 Regions Visited (6) 1200 Robots Destroyed (107) 535 Value Destroyed (3660) 3660 Prototype IDs (4) 80 Alien Tech Used (0) 0 Bonus (344) 344 TOTAL SCORE: 6819 Bonus ------- High Alert Combat Kills 68 Follower Combat Kills 76 Entered Garrisons 200 Cogmind --------- Core Integrity 0/550 Matter 423/500 Energy 94/160 System Corruption 0% Temperature Cool (9) Movement Core (200) Ox3 Location -8/Materials Parts ------- > --- POWER (1) -------- Light Nuclear Core > --- PROPULSION (3) --- (None) > --- UTILITY (4) ------ High-capacity Matter Pod Improved Targeting Computer Advanced Targeting Computer > --- WEAPON (3) ------- Particle Gun > --- INVENTORY (5) ---- Medium Treads Titanium Leg Titanium Leg High-capacity Matter Pod (200) Peak State ------------ > --- POWER ------------ Light Nuclear Core > --- PROPULSION ------- Advanced Treads Advanced Treads Advanced Treads > --- UTILITY ---------- Medium Storage Unit High-capacity Matter Pod Experimental Sensor Array Targeting Computer > --- WEAPON ----------- High-powered Shotgun Gauss Rifle Flak Cannon > --- INVENTORY -------- Ion Engine Light Ion Engine Light Deuterium Engine Light Treads Light Treads Advanced Treads Advanced Treads High-capacity Matter Pod Recoil Stabilizer Autogun [Rating: 35] Favorites ----------- Power Light Nuclear Core Engine Improved Ion Engine Power Core Light Nuclear Core Propulsion Light Treads Treads Light Treads Leg Aluminum Leg Utility High-capacity Matter Pod Device Tractor Beam Storage High-capacity Matter Pod Processor Improved Targeting Computer Protection Light Armor Plating Weapon Autogun Energy Gun Particle Gun Ballistic Gun Autogun Ballistic Cannon Assault Cannon Launcher Grenade Launcher Impact Weapon Heavy Mace Build | -11 -10 -9 -9 -8 -8 -8 ------- Run | Yrd Mat Mat Min Mat Gar Mat Slots Evolved 4 | . . 2 . 2 . . Power . | . . . . . . . Propulsion 1 | . . . . 1 . . Utility 2 | . . 1 . 1 . . Weapon 1 | . . 1 . . . . Parts Attached 72 | 8 5 17 1 27 6 8 Power 13 | 1 1 4 . 4 1 2 Engine 8 | 1 1 4 . 1 . 1 Core 5 | . . . . 3 1 1 Reactor . | . . . . . . . Propulsion 22 | 4 1 4 . 8 2 3 Treads 16 | 2 . 4 . 7 . 3 Leg 6 | 2 1 . . 1 2 . Wheel . | . . . . . . . Hover . | . . . . . . . Flight . | . . . . . . . Utility 17 | 1 1 4 1 6 2 2 Device 3 | . 1 . 1 1 . . Storage 7 | 1 . 4 . 2 . . Processor 6 | . . . . 3 1 2 Hackware . | . . . . . . . Protection 1 | . . . . . 1 . Artifact . | . . . . . . . Weapon 20 | 2 2 5 . 9 1 1 Energy Gun 5 | 1 . . . 3 . 1 Energy Cannon . | . . . . . . . Ballistic Gun 11 | 1 1 5 . 4 . . Ballistic Cannon 2 | . . . . 2 . . Launcher 1 | . 1 . . . . . Special Weapon . | . . . . . . . Impact Weapon 1 | . . . . . 1 . Slashing Weapon . | . . . . . . . Piercing Weapon . | . . . . . . . Special Melee Weapon . | . . . . . . . Unidentified Prototypes 1 | . . . 1 . . . Parts Lost 34 | . . 3 1 13 8 9 Power 6 | . . 1 . 2 1 2 Propulsion 10 | . . 1 . 3 3 3 Utility 6 | . . . . 3 2 1 Weapon 12 | . . 1 1 5 2 3 Highest Loss Streak 7 | . . 2 1 7 4 5 To Critical Strikes . | . . . . . . . Average Backups 7 | 2 7 7 7 7 8 7 Power 1 | . 1 . 2 1 1 . Propulsion 3 | 2 4 3 3 3 3 5 Utility 1 | . . 1 1 1 2 1 Weapon 1 | . 1 1 . 1 1 . Tool/Special . | . . . . . . . Unused Backups 12 | . 4 2 . 2 . 4 Power . | . . . . . . . Propulsion 8 | . 3 2 . 1 . 2 Utility 2 | . . . . . . 2 Weapon 2 | . 1 . . 1 . . Tool/Special . | . . . . . . . Average Slot Usage (%) 95 | . 95 98 99 93 90 94 Engine 6 | . 14 9 11 4 . 1 Core 2 | . . . . 4 6 7 Treads 19 | . . 19 22 25 22 24 Leg 4 | . 28 2 . . . 1 Device 6 | . 9 11 11 6 . . Storage 19 | . 14 21 22 19 18 16 Processor 6 | . . . . 8 15 18 Energy Gun 2 | . . . . 4 6 1 Ballistic Gun 20 | . 14 29 32 17 11 14 Launcher 2 | . 13 3 . . . . Impact Weapon 1 | . . . . . 7 9 Peak Build Rating 35 | 6 7 13 21 35 27 32 Average Rating 18 | 4 6 11 17 26 23 29 On Entrance 14 | . 6 7 13 21 27 26 Avg Prop Armor Cover (%) . | . . . . . . . Naked Turns . | . . . . . . . Heaviest Build 36 | 13 15 26 26 36 32 28 Greatest Support 84 | 40 20 40 40 66 64 84 Greatest Overweight (x) 4 | 4 . 1 . 1 1 3 Average Overweight (x) . | . . . . . . . Largest Inventory Capacity 10 | 8 8 10 8 10 10 10 Average Capacity 8 | 7 8 8 8 9 10 8 Most Carried 10 | 6 8 8 8 10 10 10 Average Carried 7 | 3 7 7 7 7 8 7 Final Capacity 10 | 8 8 8 8 10 10 5 Final Carried 10 | 6 8 8 7 10 4 4 Class Distribution -------------------- 41% | Gunner 38% | Mutant 8% | Skirmisher 7% | Bomber Dominant Class ---------------- Mutant | -10/Materials Gunner | -9/Materials Skirmisher | -9/Mines Gunner | -8/Materials Mutant | -8/Garrison Mutant | -8/Materials Resources | -11 -10 -9 -9 -8 -8 -8 ----------- Run | Yrd Mat Mat Min Mat Gar Mat Matter Collected 3432 | 206 265 807 264 1516 259 115 Remotely 1083 | . 142 707 234 . . . Salvage Created 3617 | . 342 760 229 1385 585 316 Parts 206 | . 32 53 16 55 35 15 Haulers Intercepted . | . . . . . . . Recyclers Shooed 5 | . 1 . 1 3 . . Parts Field Recycled . | . . . . . . . Retrieved Matter . | . . . . . . . Parts Self-Destructed . | . . . . . . . Prevented . | . . . . . . . Parts Restored . | . . . . . . . Kills | -11 -10 -9 -9 -8 -8 -8 ------- Run | Yrd Mat Mat Min Mat Gar Mat Combat Hostiles Destroyed 91 | . 15 18 11 25 14 8 Melee 3 | . . . . 1 . 2 Guns 73 | . 8 15 11 20 13 6 Cannons 5 | . . . . 4 1 . AOE 10 | . 7 3 . . . . Classes Destroyed 10 | . 4 5 . . 1 . Worker 2 | . . 1 . 1 . . Builder 2 | . . 1 . . . 1 Tunneler 1 | . 1 . . . . . Recycler 3 | . . 1 . 2 . . Watcher 8 | . 1 2 . 4 . 1 Swarmer 24 | . 8 5 8 . . 3 Grunt 45 | . 7 6 3 18 7 4 Brawler 1 | . . 1 . . . . Sentry 20 | . . 6 . 7 6 1 Hunter 1 | . . . . . 1 . Best Kill Streak 8 | . 5 8 7 7 4 7 Combat Bots Only 7 | . 5 3 7 4 4 6 Max Kills in Single Turn 2 | . 2 2 2 2 1 1 Gunslinging 1 | . . . 1 1 . . Exploded 2 | . 2 1 . . . . Melee 1 | . . . . 1 . 1 Uniques/NPCs Destroyed . | . . . . . . . Combat | -11 -10 -9 -9 -8 -8 -8 -------- Run | Yrd Mat Mat Min Mat Gar Mat Hostile Shots Fired 480 | . 39 71 30 142 101 97 Missed 136 | . 14 20 6 42 28 26 Hits 344 | . 25 51 24 100 73 71 Projectile 344 | . 25 51 24 100 73 71 Critical Strikes 22 | . . 5 . 10 4 3 Damage Taken 5313 | . 271 709 217 1958 1119 1039 Core 709 | . 64 79 11 312 152 91 Absorbed by Shields . | . . . . . . . Core Remaining (%) 83 | 100 74 . 77 . . . Volleys Fired 257 | . 32 48 16 91 44 26 Largest 3 | . 2 3 3 3 3 2 Hottest 138 | . 50 76 69 138 127 65 Shots Fired 597 | . 42 133 47 245 89 41 Gun 552 | . 32 126 47 225 81 41 Cannon 28 | . . . . 20 8 . Launcher 17 | . 10 7 . . . . Special . | . . . . . . . Kinetic 534 | . 32 126 47 238 57 34 Thermal 40 | . . . . 6 27 7 Explosive 17 | . 10 7 . . . . Electromagnetic 6 | . . . . 1 5 . Robot Hit Streak 21 | . 5 11 10 13 14 21 Robot Miss Streak 6 | . 6 5 3 4 2 2 Penetration Max 1 | . . . . 1 . . Secondary Targets 9 | . . 2 2 4 . 1 Max Gunslinging Chain 1 | . . 1 1 1 . 1 Shots Hit Robots 384 | . 19 69 24 172 59 41 Core Hits 210 | . 29 38 14 79 34 16 Critical Kills . | . . . . . . . Critical Parts Destroyed 3 | . . . . 2 . 1 Critical Strikes 6 | . . . . 2 2 2 Burn 3 | . . . . . 2 1 Destroy 3 | . . . . 2 . 1 Melee Attacks 12 | . . . . . 2 10 Impact 12 | . . . . . 2 10 Slashing . | . . . . . . . Piercing . | . . . . . . . Sneak Attacks 1 | . . . . . . 1 Combat Hostiles . | . . . . . . . Follow-up Attacks . | . . . . . . . Damage Inflicted 7623 | . 759 1407 416 2987 1154 900 Guns 5916 | . 178 1100 380 2620 1056 582 Cannons 390 | . . . . 317 73 . Explosions 899 | . 562 301 36 . . . Melee 343 | . . . . . 25 318 Ramming 75 | . 19 6 . 50 . . Kinetic 5859 | . 178 1100 380 2844 853 504 Thermal 450 | . . 53 36 79 204 78 Explosive 810 | . 562 248 . . . . Electromagnetic 86 | . . . . 14 72 . Impact 343 | . . . . . 25 318 Slashing . | . . . . . . . Piercing . | . . . . . . . Highest Corruption . | . . . . . . . Average Corruption . | . . . . . . . Corruption Purged . | . . . . . . . Corruption Blocked . | . . . . . . . Overload Shots . | . . . . . . . Overflow Damage 243 | . 35 100 . . . 108 Projectiles . | . . . . . . . Explosions 135 | . 35 100 . . . . Melee 108 | . . . . . . 108 Knockbacks 6 | . . 1 . 3 1 1 Impact 3 | . . 1 . 1 . 1 Kinetic 3 | . . . . 2 1 . Secondary . | . . . . . . . Self-Inflicted Damage 152 | . 49 103 . . . . Shots 4 | . 2 2 . . . . Rammed 23 | . . 2 . 21 . . Targets Rammed 28 | . 5 2 . 21 . . Kicked 5 | . 5 . . . . . Crushed . | . . . . . . . Highest Temperature 264 | . 35 68 111 145 264 55 Average Temperature 36 | . 12 26 35 36 62 16 Received Heat Transfer 2169 | . 39 288 33 810 450 549 Siege Activations . | . . . . . . . Martial Activations . | . . . . . . . Shielding Activations . | . . . . . . . Robots Disrupted . | . . . . . . . Combat Hostiles . | . . . . . . . Robots Corrupted 1 | . . . . . . 1 Combat Hostiles . | . . . . . . . Parts Fried . | . . . . . . . Impact Corruptions 6 | . . . . . . 6 Robots Melted . | . . . . . . . Combat Hostiles . | . . . . . . . Parts Melted 1 | . . . . . 1 . Heat Transferred 1152 | . . 50 50 185 608 259 Parts Sabotaged . | . . . . . . . Parts Stolen . | . . . . . . . Parts Stripped . | . . . . . . . Power Chain Reactions . | . . . . . . . Alert | -11 -10 -9 -9 -8 -8 -8 ------- Run | Yrd Mat Mat Min Mat Gar Mat Maximum Alert Level 2 | . 1 1 1 1 2 1 Low Security (%) 58 | 100 84 92 74 49 3 7 Level 1 36 | . 15 7 25 50 60 92 Level 2 5 | . . . . . 36 . Level 3 . | . . . . . . . Level 4 . | . . . . . . . Level 5 . | . . . . . . . High Security . | . . . . . . . Max Security . | . . . . . . . Peak Influence 530 | . 239 262 239 317 530 385 Initial 258 | . . 66 94 66 185 258 Average 187 | . 149 95 166 176 388 266 Influence Increases 3045 | . 437 612 311 923 425 337 Destroy 0b10 Robot/C 1860 | . 300 360 220 540 280 160 Destroy 0b10 Robot/NC 90 | . 10 25 . 45 . 10 Destroy Leader 386 | . 62 114 30 138 10 32 Allied During Kill 17 | . . . . 17 . . Successful Hack 56 | . 5 5 . 16 30 . Disable Machine 105 | . . 30 45 15 . 15 Anti-Garrison Action 100 | . . . . . 100 . Destroy Structure 131 | . 60 48 16 2 5 . Lose Combat Pursuer 300 | . . 30 . 150 . 120 Influence Decreases 2700 | . 279 526 382 811 180 522 Entered New Map 721 | . . 92 150 107 100 272 Time Decay 1579 | . 279 404 222 514 . 160 Lost Part 340 | . . 30 10 130 80 90 Lost Ally 60 | . . . . 60 . . Squads Dispatched 9 | . 2 1 . 6 . . Investigation 5 | . 1 . . 4 . . Extermination . | . . . . . . . Reinforcement 4 | . 1 1 . 2 . . Assault . | . . . . . . . Garrison . | . . . . . . . Intercept . | . . . . . . . Searches Triggered . | . . . . . . . Construction Impeded . | . . . . . . . Haulers Reinforced . | . . . . . . . Active Scanning Responses . | . . . . . . . Cargo Convoy Interrupts . | . . . . . . . Stealth | -11 -10 -9 -9 -8 -8 -8 --------- Run | Yrd Mat Mat Min Mat Gar Mat Distress Signals 6 | . 1 2 . 1 . 2 Communications Jammed . | . . . . . . . Distress Signals . | . . . . . . . Times Spotted 132 | . 21 25 11 43 14 18 Peak Tracking Total 8 | . 3 5 4 5 5 8 Tactical Retreats 14 | . . 2 . 7 . 5 Traps | -11 -10 -9 -9 -8 -8 -8 ------- Run | Yrd Mat Mat Min Mat Gar Mat Traps Triggered 5 | . . 1 . 2 2 . Indirectly . | . . . . . . . Trap Hack Attempts . | . . . . . . . Triggered . | . . . . . . . Disarmed 2 | . 2 . . . . . Reprogrammed 6 | . 6 . . . . . Reused . | . . . . . . . Traps Extracted . | . . . . . . . Installed . | . . . . . . . Triggered . | . . . . . . . Machines | -11 -10 -9 -9 -8 -8 -8 ---------- Run | Yrd Mat Mat Min Mat Gar Mat Machines Disabled 8 | . . 2 3 1 1 1 Max in Single Turn 2 | . . 1 2 1 1 1 Garrison Relay 1 | . . . . . 1 . Machines Repaired . | . . . . . . . Machines Dismantled . | . . . . . . . Machines Sabotaged . | . . . . . . . Overloaded Fab Kills . | . . . . . . . Hacking | -11 -10 -9 -9 -8 -8 -8 --------- Run | Yrd Mat Mat Min Mat Gar Mat Machines Accessed 17 | . 6 4 . 5 2 . Terminals 15 | . 6 4 . 3 2 . Fabricators . | . . . . . . . Repair Stations . | . . . . . . . Recycling Units 1 | . . . . 1 . . Scanalyzers . | . . . . . . . Garrison Access 1 | . . . . 1 . . Total Hacks 41 | . 15 7 . 14 5 . Successful 18 | . 7 4 . 5 2 . Failed 23 | . 8 3 . 9 3 . Catastrophic 5 | . 2 1 . 2 . . Database Lockouts . | . . . . . . . Manual . | . . . . . . . Terminals 36 | . 15 7 . 9 5 . Fabricators . | . . . . . . . Repair Stations . | . . . . . . . Recycling Units 2 | . . . . 2 . . Scanalyzers . | . . . . . . . Garrison Access 3 | . . . . 3 . . Terminal Hacks 16 | . 7 4 . 3 2 . Prototype ID Bank 2 | . 1 1 . . . . Branch Access Points 1 | . . . . 1 . . Emergency Access Points 2 | . . 1 . . 1 . Terminal Index 2 | . 1 . . 1 . . Locate Traps 4 | . 3 . . 1 . . Disarm Traps 1 | . 1 . . . . . Reprogram Traps 1 | . 1 . . . . . Maintenance Status 1 | . . 1 . . . . Hauler Manifests 1 | . . 1 . . . . Security Stations 1 | . . . . . 1 . Fabricator Hacks . | . . . . . . . Repair Station Hacks . | . . . . . . . Recycling Unit Hacks 1 | . . . . 1 . . Recycle Component 1 | . . . . 1 . . Scanalyzer . | . . . . . . . Garrison Access Hacks 1 | . . . . 1 . . Unlock Access 1 | . . . . 1 . . Unauthorized Hacks . | . . . . . . . Terminals . | . . . . . . . Fabricators . | . . . . . . . Repair Stations . | . . . . . . . Recycling Units . | . . . . . . . Scanalyzers . | . . . . . . . Garrison Access . | . . . . . . . Data Cores Recovered . | . . . . . . . Used . | . . . . . . . Hacking Detections 11 | . 4 2 . 3 2 . Full Trace Events 5 | . 1 1 . 2 1 . Feedback Events . | . . . . . . . Feedback Blocked . | . . . . . . . Robot Schematics Acquired . | . . . . . . . Robots Built . | . . . . . . . Authchips . | . . . . . . . Time . | . . . . . . . Total Robot Build Rating . | . . . . . . . Part Schematics Acquired . | . . . . . . . Parts Built . | . . . . . . . Authchips . | . . . . . . . Time . | . . . . . . . Total Part Build Rating . | . . . . . . . Part Studies Acquired . | . . . . . . . Parts Repaired . | . . . . . . . Time . | . . . . . . . Parts Recycled 1 | . . . . 1 . . Recycled Matter . | . . . . . . . Retrieved Matter . | . . . . . . . Retrieved Components . | . . . . . . . Parts Scanalyzed . | . . . . . . . Part Schematics Acquired . | . . . . . . . Parts Damaged . | . . . . . . . Bothacking | -11 -10 -9 -9 -8 -8 -8 ------------ Run | Yrd Mat Mat Min Mat Gar Mat Used RIF Installer . | . . . . . . . Robots Hacked . | . . . . . . . Non-combat . | . . . . . . . Combat . | . . . . . . . Robot Hacks Applied . | . . . . . . . Relay Couplers Released 5 | . . . . . 5 . Machine Destruction 5 | . . . . . 5 . Fabnet Peak Effective % . | . . . . . . . Robots Rewired . | . . . . . . . Allies Hacked . | . . . . . . . Hacks Repelled . | . . . . . . . Allies | -11 -10 -9 -9 -8 -8 -8 -------- Run | Yrd Mat Mat Min Mat Gar Mat Total Allies 3 | . . . 3 . . . Largest Group 3 | . . . 3 3 . . Highest-Rated Group 40 | . . . 40 40 . . Highest-Rated Ally 16 | . . . 16 16 . . Initial Warlord ECA Mod 1 | . . . . . . 1 Total Orders . | . . . . . . . Ally Attacks 40 | . . . . 40 . . Total Damage 364 | . . . . 364 . . Kills 4 | . . . . 4 . . Allies Corrupted . | . . . . . . . Allies Melted . | . . . . . . . Intel | -11 -10 -9 -9 -8 -8 -8 ------- Run | Yrd Mat Mat Min Mat Gar Mat Active Infowar (turns) 1928 | . . . 278 1171 479 . Optics 830 | . . . . 351 479 . Sensors 1098 | . . . 278 820 . . Robot Analysis Total . | . . . . . . . Derelict Logs Recovered . | . . . . . . . Drone Launches . | . . . . . . . Drone Recoveries . | . . . . . . . Exploration | -11 -10 -9 -9 -8 -8 -8 ------------- Run | Yrd Mat Mat Min Mat Gar Mat Turns Passed 4646 | 83 645 1040 466 1413 672 327 Spaces Moved 2397 | 48 455 534 260 674 299 127 Core 3 | 2 . . . . . 1 Treads 1851 | 19 . 484 260 674 298 116 Legs 543 | 27 455 50 . . 1 10 Wheels . | . . . . . . . Hover . | . . . . . . . Flight . | . . . . . . . Fastest Speed 50 | 50 120 120 160 145 126 126 Average Speed 149 | 140 120 156 160 152 162 157 Slowest Speed 250 | 250 120 190 160 225 240 200 Overloaded Moves . | . . . . . . . Propulsion Burnouts . | . . . . . . . Robots Hopped . | . . . . . . . Potential Cave-ins . | . . . . . . . Cave-ins Triggered . | . . . . . . . Exploration Rate (%) 42 | 3 85 59 43 54 39 14 Regions Visited 6 Branch Regions 1 Pre-discovered Areas . | . . . . . . . Known Exits Taken 1 | . . . . 1 . . Unknown Exits Taken 4 | 1 1 1 1 . . . Scrap Searched 1 | . . . 1 . . . Spaces Dug . | . . . . . . . Terrain Destroyed 132 | . 65 48 19 . . . Melee . | . . . . . . . Projectile . | . . . . . . . AOE 132 | . 65 48 19 . . . Terrain Rammed . | . . . . . . . Walls Destroyed . | . . . . . . . Machines Disabled . | . . . . . . . Actions | -11 -10 -9 -9 -8 -8 -8 --------- Run | Yrd Mat Mat Min Mat Gar Mat Total 2987 | 61 515 655 285 880 398 193 Wait 113 | . 8 19 4 30 38 14 Move 2391 | 47 454 533 259 673 298 127 Hop . | . . . . . . . Pick Up 44 | 4 5 10 2 17 1 5 Fast Attach 31 | 8 1 7 . 8 2 5 Attach 26 | . . 4 2 12 7 1 Detach 8 | 2 . . . 3 . 3 Swap 36 | . 4 17 . 12 1 2 Drop 37 | . 6 15 2 13 1 . Fire 257 | . 32 48 16 91 44 26 Melee 12 | . . . . . 2 10 Ram . | . . . . . . . Kick 5 | . 5 . . . . . Crush 23 | . . 2 . 21 . . Escape Stasis 4 | . . . . . 4 . Rewire . | . . . . . . . Trap . | . . . . . . . Miscellaneous . | . . . . . . . Route ------- -11/Scrapyard -10/Materials (discovered 3 exits: *Mat x2 / [*Min]) -9/Materials (discovered 2 exits: *Mat / [*Min]) -9/Mines (discovered 2 exits: *Mat x2) -8/Materials (discovered 3 exits: [*Fac x2] / Gar) -8/Garrison -8/Materials History --------- Turn | Location | Event 10 | -11/Scrapyard | Discovered new exit (range 14) 84 | -11/Scrapyard | Entered Materials 124 | -10/Materials | Discovered new exit (range 15) 162 | -10/Materials | Discovered new exit (range 10) 312 | -10/Materials | Build established: Mutant 625 | -10/Materials | Discovered new exit (range 8) 729 | -10/Materials | Entered another Materials area 729 | -9/Materials | Evolved 2 slots: Utility x1, Weapon x1 1404 | -9/Materials | Discovered new exit (range 11) 1493 | -9/Materials | Build established: Gunner 1681 | -9/Materials | Discovered new exit (range 7) 1769 | -9/Materials | Entered Mines 1828 | -9/Mines | Discovered new exit (range 9) 1858 | -9/Mines | Destroyed 7 combat bots 1952 | -9/Mines | Found a damaged Exp. Sensor Array with a note attached 1956 | -9/Mines | Found Prototype Device 1957 | -9/Mines | Identified Exp. Sensor Array 2105 | -9/Mines | Discovered new exit (range 11) 2178 | -9/Mines | Assisted by bots powering up and referring to "LRC-V3" 2235 | -9/Mines | Entered Materials 2235 | -8/Materials | Accompanied by 3 allies 2235 | -8/Materials | Evolved 2 slots: Propulsion x1, Utility x1 2488 | -8/Materials | Discovered new exit (range 15) 2533 | -8/Materials | Lost 3 allies 3137 | -8/Materials | Lost 7 parts (1p2n2u2w) 3163 | -8/Materials | Core integrity fell below 50% 3221 | -8/Materials | Lost 3 parts (1n1u1w) 3496 | -8/Materials | Discovered new exit (range 19) 3639 | -8/Materials | Identified exit to Garrison 3648 | -8/Materials | Entered Garrison 3671 | -8/Garrison | Learned Materials security intel 3690 | -8/Garrison | Triggered checkpoint 3788 | -8/Garrison | Garrison Relay disabled 3912 | -8/Garrison | Triggered checkpoint 4045 | -8/Garrison | Build established: Mutant 4091 | -8/Garrison | Discovered new exit (range 10) 4170 | -8/Garrison | Lost 4 parts (1n1u2w) 4178 | -8/Garrison | Core integrity fell below 20% 4320 | -8/Garrison | Entered Materials 4614 | -8/Materials | Lost 4 parts (1p1u2w) 4647 | -8/Materials | Destroyed by G-47 Trooper with Particle Gun Last Messages --------------- 04599_ K-01 Serf collects debris. 04605_ Acquired Particle Gun. 04605_ Critical hit (Burn: +37). 04607_ K-01 Serf collects debris. 04610_ K-01 Serf cleans the Neutrino Reactor. 04614_ K-01 Serf collects debris. 04618_ R-06 Scavenger collects Lgt. Ion Engine. 04618_ K-01 Serf collects debris. 04620_ R-06 Scavenger collects Lgt. Treads. 04621_ K-01 Serf collects debris. 04622_ Med. Treads destroyed. 04630_ G-47 Trooper suffers critical hit (Burn). 04634_ Med. Treads destroyed. 04639_ K-01 Serf collects debris. 04640_ Critical hit (Burn: +37). 04641_ Lgt. Deuterium Engine destroyed. 04642_ G-47 Trooper destroyed. 04642_ K-01 Serf collects debris. 04646_ Acquired Lgt. Nuclear Core. 04646_ Hvy. Mace destroyed. Map ----- +----------------------------------------------------+ | ?????????????????????????????????????????????????? | | ???????????????????????????? ?????????????????? | | ??????????????????????????? ! ?????????????????? | | ????????????????????????? #????????????????? | | ?????????????????????????? #????????????????? | | ????????????????????????? #????????????????? | | ????????????????????????? ################## | | ?????????????????? ????? | | ?????????????????? + ?? | | ???????????????????# ? """ %! | | ???????????????????# """"" #######+######+#### | | ???????????????????# """"" T???# # # | | ???????????????????# """"" #???# # ! # | | ???????????????????# ""[ #???# # # | | ??????????????????## #???# # "T" # | | ??????????????? = #???# # """ # | | ??????????????? !=%[#???# #] # | | ??????????????? #####+####?###+########### | | ????????????????????????# = !! #???# #?????????# | | ????????????????????????# !=r #???# ########### | | ????????????????????????# !! ##### | | ????????????????????????# !! +% | | ????????????????????????# k ###########+## | | ????????????????????????#g""" #????????????? | | ????????????????????????# """ #????????????# | | ????????????????????????#@""" #????????????# | | ????????????????????????#%g #????????????# | | ????????????????????????#!########????????????+ | | ????????????????????????###????????????????????? | | ?????????????????????????????????????????????????? | | ?????????????????????????????????????????????????? | | ?????????????????????????????????????????????????? | | ?????????????????????????????????????????????????? | | ?????????????????????????????????????????????????? | | ?????????????????????????????????????????????????? | | ?????????????????????????????????????????????????? | | ?????????????????????????????????????????????????? | | ?????????????????????????????????????????????????? | | ?????????????????????????????????????????????????? | | ?????????????????????????????????????????????????? | | ?????????????????????????????????????????????????? | | ?????????????????????????????????????????????????? | | ?????????????????????????????????????????????????? | | ?????????????????????????????????????????????????? | | ?????????????????????????????????????????????????? | | ?????????????????????????????????????????????????? | | ?????????????????????????????????????????????????? | | ?????????????????????????????????????????????????? | | ?????????????????????????????????????????????????? | | ?????????????????????????????????????????????????? | +----------------------------------------------------+ Best States ------------- Heat Dissipation 31 Energy Generation 14 Energy Capacity 265 Matter Stores 700 Matter Capacity 700 Sight Range 20 Robot Scan Range 20 Terrain Scan Density 10 Armor Coverage 150 Evasion (%) 55 Targeting Accuracy 14 Recoil Reduction 6 Item Schematics ----------------- None Robot Schematics ------------------ None Fabricated ------------ Nothing Repaired ---------- Nothing Studied --------- None Alien Tech Used ----------------- None Achievements -------------- Dramatic Entrance Hey, That's Mine! Challenges ------------ None Game ------ Seed CoreHugeThruster Manual? 0 Play Time 01:00:57 Cumulative 10.3 hours Start 2026.09.13 @ 22:33:49 End 2026.09.13 @ 23:49:32 Sessions 1 Manual Loads 0 Difficulty Rogue Special Mode None Game No. 11 Rogue 11 Adventurer 0 Explorer 0 Win Type - Total 0 Types 0/0/0/0/0/0/0/0/0/0 Lore% 6 Gallery% 10 Achievement% 11 Wizard Run 0 Options --------- Layout 1 ASCII 0 Keyboard 1 Movement Vi Keybinds 0 Fullscreen 0 Font 28/SmallcapsGlow Map View 50x35 Zoom Use 0% Tactical HUD 1 Map Filters NONE Filters NONE Steam 0 RUN: 9e6f8cb0-cfde-47df-a7a5-57fe52b87e96